 Dungeon Crawl Stone Soup version 0.18.1-2-ga659475 (webtiles) character file.

42 inmateoo the Sneak (level 3, 0/24 HPs)
             Began as a Vampire Venom Mage on May 8, 2016.
             Succumbed to an adder's poison
             ... on level 2 of the Dungeon.
             The game lasted 00:04:10 (1228 turns).

inmateoo the Sneak (Vampire Venom Mage)             Turns: 1228, Time: 00:04:11

Health: 0/24       AC:  3    Str:  7    XL:     3   Next: 33%
Magic:  0/6        EV: 12    Int: 17    God:
Gold:   23         SH:  0    Dex: 15    Spells: 1 memorised, 5 levels left

rFire  . . .     SeeInvis +     e - +0 dagger
rCold  . . .     Gourm    .     f - +0 leather armour
rNeg   + . .     Faith    .     (no shield)
rPois  .         Spirit   .     (no helmet)
rElec  .         Dismiss  .     (no cloak)
rCorr  .         Reflect  .     (no gloves)
SustAt .         Harm     .     (no boots)
MR     .....                    (no amulet)
Stlth  +++.......               (no ring)
                                (no ring)

@: lethally poisoned (0 -> -6), very slightly contaminated, not resistant to
hostile enchantments, fairly stealthy
A: fangs 3, see invisible, unbreathing
a: Bat Form


You were on level 2 of the Dungeon.
You were not thirsty.

You visited 1 branch of the dungeon, and saw 2 of its levels.

You collected 23 gold pieces.

Inventory:

Hand Weapons
 e - a +0 dagger (weapon)
Missiles
 g - 64 stones (quivered)
Armour
 f - a +0 leather armour (worn)
Scrolls
 a - a scroll of remove curse
 d - 2 scrolls of identify
Books
 b - a Young Poisoner's Handbook

   Spells                             Type                      Level
   a - Sting                          Conjuration/Poison           1
   b - Cure Poison                    Poison                       2
   c - Mephitic Cloud                 Conjuration/Poison/Air       3
   d - Olgreb's Toxic Radiance        Poison                       4
   e - Venom Bolt                     Conjuration/Poison           5


   Skills:
 - Level 2.1 Dodging
 + Level 5.0 Stealth
 - Level 2.0 Spellcasting
 - Level 0.3 Conjurations
 + Level 3.9 Poison Magic


You had 5 spell levels left.
You knew the following spells:

 Your Spells              Type           Power        Failure   Level  Hunger
a - Sting                 Conj/Pois      #...         14%         1    #......


Dungeon Overview and Level Annotations

Branches:
Dungeon (2/15)

Altars:


Innate Abilities, Weirdness & Mutations

You have razor-sharp teeth.
You have supernaturally acute eyesight.
You can survive without breathing.


Message History

Press: ? - help, Shift-Dir - straight line, f/p - adder
Aim: an adder (severely wounded)
The sting misses the adder.
The sting hits the rat.
The rat is poisoned.
You kill the rat!
The adder bites you but does no damage.
You closely miss the adder.
The adder is severely wounded.
* * * LOW HITPOINT WARNING * * *
You feel sick. The adder bites you but does no damage.
The adder barely misses you.
You barely miss the adder.
The adder is severely wounded.
* * * LOW HITPOINT WARNING * * *
You feel sick. The adder bites you but does no damage.
You barely miss the adder.
The adder is severely wounded.
The adder misses you.
You hit the adder but do no damage.
The adder is severely wounded.
You die...

......## #. #.# #...#..#
#.###.# #...##.# #.#.#.#
#[..##.# #.#.#.# #...##.#
#.#...# ### #...##.## #.#...#
...# #...##..########.#...#
..... +...S@....<.[........>
#...#####...###..###.#.#...##.
#..?.......†# ##.# #.......##.
##...$......## #.# ###.#.#.##.
+......†....# #.# #....%.<.
#......?...# #.# #.#.###.#
#....$.....# #.# #.#.....#
#.....?....# #.#####.######.
#...######## #..............


You could see an adder.

Vanquished Creatures
  An adder (D:1)
  A worm (D:2)
  A dart slug (D:1)
  4 bats
  A giant cockroach (D:1)
  5 goblins (D:1)
  4 hobgoblins
  A quokka (D:1)
  5 kobolds (D:1)
  6 rats
29 creatures vanquished.

Notes
Turn   | Place    | Note
--------------------------------------------------------------
     0 | D:1      | inmateoo the Vampire Venom Mage began the quest for the Orb.
     0 | D:1      | Reached XP level 1. HP: 13/13 MP: 3/3
   123 | D:1      | Reached skill level 4 in Stealth
   123 | D:1      | Reached XP level 2. HP: 13/19 MP: 1/5
   650 | D:1      | Reached XP level 3. HP: 24/24 MP: 4/6
  1184 | D:2      | Reached skill level 5 in Stealth
  1226 | D:2      | HP: 1/24 [poisoned by an adder]
  1228 | D:2      | Succumbed to an adder's poison

Skill      XL: |  1  2  3 |
---------------+----------+-----
Stealth        | 4 5 |  5.0
Dodging        | |  2.1
Spellcasting   | |  2.0
Conjurations   | |  0.3
Poison Magic   | |  3.9

Action                   || total
-------------------------++-------
Melee: Dagger            ||    60
       Bite              ||     2
 Cast: Sting             ||    55
  Use: Scroll            ||     3
       Potion            ||     2
 Stab: Sleeping          ||     1
  Eat: Corpse            ||     4
Armor: Robe              ||     2
       Leather armour    ||    17
Dodge: Dodged            ||    54
